 Dungeon Sprint DCSS version 0.27-a0-1502-g47ed6a6988 (webtiles) character file.

Game seed: 17057191191479847605

5700000 tygod the Plane Walker (level 26, 0/193 HPs)
             Began as a Kobold Warper on July 8, 2021.
             Killed by an exploding large bag of meat (14 damage)
             ... ignited by their inner flame
             ... in the Dungeon (Sprint VIII: "Arena of Blood").
             The game lasted 00:02:16 (57 turns).

tygod the Plane Walker (Kobold Warper)                Turns: 57, Time: 00:02:16

Health: 0/193      AC:  6    Str:  8    XL:     26   Next: 66%
Magic:  15/54      EV: 43    Int: 14    God:
Gold:   0          SH:  0    Dex: 27    Spells: 79/79 levels left

rFire    + . .     SeeInvis .   j - +∞ Axe of Woe
rCold    . . .     Faith    .   (shield currently unavailable)
rNeg     . . .     Spirit   .   b - +0 leather armour
rPois    .         Reflect  .   (no helmet)
rElec    .         Harm     .   (no cloak)
rCorr    .         Rampage  .   (no gloves)
Will     +....     NoTele   +   (no boots) Stlth *+++++++++
                                (no amulet)
HPRegen  0.42/turn              k - ring of protection from fire
MPRegen  0.34/turn              (no ring)

@: no status effects
A: small, no large weapons, nightstalker 3
a: no special abilities


You were in the Dungeon.
You visited 1 branch

Inventory:

Hand Weapons
 a - a +0 hand axe
 j - the +∞ Axe of Woe (weapon)
   (You found it in the Dungeon)
Missiles
 d - 5 boomerangs of dispersal (quivered)
Armour
 b - a +0 leather armour (worn)
Jewellery
 k - a ring of protection from fire (left hand)
Potions
 e - a potion of curing
 f - a potion of heal wounds
 g - a potion of haste
 h - 2 potions of magic
 i - a potion of berserk rage


   Skills:
 O Level 27 Fighting
 + Level 18.7(21.0) Short Blades
 + Level 11.7(14.0) Long Blades
 O Level 27 Axes
 + Level 12.6(23.4) Maces & Flails
 + Level 11.7(21.9) Polearms
 + Level 12.6(16.3) Staves
 + Level 13.6(20.9) Slings
 + Level 13.6 Bows
 + Level 15.8 Crossbows
 O Level 27 Throwing
 O Level 27 Armour
 O Level 27 Dodging
 O Level 27 Stealth
 + Level 11.7 Shields
 + Level 13.6 Unarmed Combat
 O Level 27 Spellcasting
 + Level 13.6 Conjurations
 + Level 15.0 Hexes
 + Level 15.0 Summonings
 + Level 15.0 Necromancy
 O Level 27 Translocations
 + Level 15.0 Transmutations
 + Level 15.0 Fire Magic
 + Level 15.0 Ice Magic
 + Level 15.0 Air Magic
 + Level 15.0 Earth Magic
 + Level 15.0 Poison Magic
 + Level 16.1 Invocations
 + Level 17.4 Evocations


You had 79 spell levels left.
You didn't know any spells.
Your spell library contained the following spells:

 Spells                   Type           Power      Damage    Failure   Level
 Blink                    Tloc           N/A        N/A       0%          2
 Gell's Gravitas          Tloc           38%        N/A       0%          3
 Lesser Beckoning         Tloc           38%        N/A       0%          3
 Teleport Other           Tloc           76%        N/A       0%          3
 Manifold Assault         Tloc           76%        N/A       0%          5


Dungeon Overview and Level Annotations

Branches:
Dungeon (1/1)

Altars:
Makhleb


Innate Abilities, Weirdness & Mutations

You are small and have problems with some larger weapons.
You are completely attuned to the shadows.


Message History

You are engulfed in blazing flames.
You resist.
* * * LOW HITPOINT WARNING * * *
You hear a shout! x5
The bag of meat is engulfed in blazing flames.
The large bag of meat is engulfed in blazing flames.
You hear a shout! x3
Your base Short Blades skill increases to level 18!
Your base Maces & Flails skill increases to level 12!
Your base Staves skill increases to level 12!
Your base Slings skill increases to level 13!
Your Bows skill increases to level 13!
Your Crossbows skill increases to level 15!
Your Unarmed Combat skill increases to level 13!
Your Conjurations skill increases to level 13!
Your Hexes skill increases to level 15!
Your Summonings skill increases to level 15!
Your Necromancy skill increases to level 15!
Your Transmutations skill increases to level 15!
Your Fire Magic skill increases to level 15!
Your Ice Magic skill increases to level 15!
Your Air Magic skill increases to level 15!
Your Earth Magic skill increases to level 15!
Your Poison Magic skill increases to level 15!
Your Invocations skill increases to level 16!
Your Evocations skill increases to level 17!
Blink to where?
Press: ? - help, Dir - move target
As you read the scroll of blinking, it crumbles to dust.
You hear a shout! x5
The destroyer is engulfed in blazing flames.
You hear a shout!
The bag of meat is engulfed in blazing flames.
You hear a shout!
A meat berserker comes into view. It is wielding a +9 battleaxe.
You slice the large bag of meat!!
Flame seeps out of the large bag of meat.
You cleave the large bag of meat in twain.
The large bag of meat explodes!
The fiery explosion engulfs you! You resist.
You die...

......#........
.......#.......
..o.......#....
#......)..#....).#
#...O#........)...
#....##...).))#...
#..°)○#.....#.....
#..)).)###........
#@§.))## ...#.....
#○§..#... ....#.).
#o§V.#... ...o...
#§)O..... ......#
#o§o... ......
#.o... .... #..§o.
.... #.o...


You could see a destroyer, 2 meat berserkers and 3 bags of meat.

Vanquished Creatures
  2 vampire knights (D)
  11 ogres (D)
  3 two-headed ogres (D)
  A hydra (D)
  21 orcs (D)
38 creatures vanquished.

Notes
Turn   | Place    | Note
-------+----------+-------------------------------------------
     0 | D        | Found the +∞ Axe of Woe
     0 | D        | tygod the Kobold Warper began the quest for the Orb.
     0 | D        | Reached XP level 1. HP: 12/12 MP: 3/3
     5 | D        | Noticed a bag of meat
     5 | D        | Noticed a bag of meat
     7 | D        | Killed a bag of meat
     8 | D        | Reached XP level 2. HP: 29/29 MP: 3/15
     8 | D        | Reached XP level 3. HP: 34/34 MP: 3/16
     8 | D        | Reached XP level 4. HP: 40/40 MP: 3/18
     8 | D        | Reached XP level 5. HP: 44/44 MP: 3/19
     8 | D        | Reached XP level 6. HP: 49/49 MP: 3/21
     8 | D        | Reached XP level 7. HP: 54/54 MP: 3/22
     8 | D        | Reached XP level 8. HP: 60/60 MP: 3/24
     8 | D        | Reached XP level 9. HP: 64/64 MP: 3/25
     8 | D        | Reached XP level 10. HP: 70/70 MP: 3/26
     8 | D        | Reached XP level 11. HP: 74/74 MP: 3/27
     8 | D        | Reached XP level 12. HP: 80/80 MP: 3/28
     8 | D        | Killed a bag of meat
     8 | D        | Noticed a bag of meat
     9 | D        | Reached skill level 5 in Throwing
     9 | D        | Reached XP level 13. HP: 87/87 MP: 3/30
    11 | D        | Noticed a bag of meat
    12 | D        | Noticed a bag of meat
    12 | D        | Noticed a bag of meat
    14 | D        | Killed a bag of meat
    14 | D        | Noticed a meat berserker
    15 | D        | Reached skill level 15 in Spellcasting
    15 | D        | Reached XP level 14. HP: 95/95 MP: 4/33
    17 | D        | Noticed a meat berserker
    18 | D        | Noticed a meat berserker
    20 | D        | Killed a meat berserker
    20 | D        | Killed a meat berserker
    21 | D        | Reached skill level 15 in Axes
    21 | D        | Reached skill level 27 in Translocations
    21 | D        | Reached XP level 15. HP: 71/108 MP: 5/37
    21 | D        | Reached XP level 16. HP: 75/114 MP: 5/38
    22 | D        | Killed a meat berserker
    23 | D        | Reached skill level 5 in Armour
    23 | D        | Reached XP level 17. HP: 83/124 MP: 6/41
    25 | D        | Noticed a meat berserker
    26 | D        | Reached skill level 10 in Throwing
    26 | D        | Reached XP level 18. HP: 91/135 MP: 7/44
    28 | D        | Killed a meat berserker
    31 | D        | Noticed a meat berserker
    33 | D        | Reached XP level 19. HP: 100/145 MP: 8/48
    33 | D        | Noticed a meat berserker
    34 | D        | Noticed a meat berserker
    35 | D        | Noticed a destroyer
    35 | D        | Noticed a large bag of meat
    36 | D        | Noticed a meat berserker
    37 | D        | Killed a large bag of meat
    37 | D        | Killed a meat berserker
    38 | D        | Reached skill level 27 in Fighting
    38 | D        | Reached skill level 10 in Armour
    38 | D        | Reached skill level 27 in Dodging
    38 | D        | Reached skill level 5 in Stealth
    38 | D        | Reached skill level 27 in Spellcasting
    38 | D        | Reached XP level 20. HP: 64/157 MP: 10/51
    38 | D        | Killed a destroyer
    38 | D        | Killed a meat berserker
    38 | D        | Killed a meat berserker
    39 | D        | Reached skill level 27 in Axes
    39 | D        | Reached XP level 21. HP: 49/163 MP: 10/52
    39 | D        | Reached XP level 22. HP: 51/169 MP: 10/53
    40 | D        | Killed a meat berserker
    41 | D        | Reached skill level 27 in Throwing
    43 | D        | Reached skill level 27 in Stealth
    45 | D        | Reached skill level 27 in Armour
    45 | D        | Reached XP level 23. HP: 55/175 MP: 12/54
    48 | D        | Reached skill level 5 in Short Blades
    48 | D        | Reached skill level 5 in Evocations
    49 | D        | Noticed a large bag of meat
    49 | D        | Noticed a destroyer
    51 | D        | Reached skill level 5 in Maces & Flails
    51 | D        | Reached skill level 5 in Staves
    51 | D        | Reached skill level 5 in Slings
    51 | D        | Reached skill level 5 in Bows
    51 | D        | Reached skill level 5 in Unarmed Combat
    51 | D        | Reached skill level 5 in Conjurations
    51 | D        | Killed a destroyer
    51 | D        | Noticed a large bag of meat
    51 | D        | Noticed a destroyer
    52 | D        | Reached skill level 10 in Crossbows
    52 | D        | Reached skill level 10 in Invocations
    52 | D        | Reached XP level 24. HP: 59/181 MP: 14/54
    53 | D        | Reached skill level 10 in Slings
    53 | D        | Reached skill level 10 in Bows
    53 | D        | Reached skill level 10 in Unarmed Combat
    53 | D        | Reached skill level 10 in Conjurations
    53 | D        | Reached XP level 25. HP: 61/187 MP: 14/54
    53 | D        | Killed a large bag of meat
    54 | D        | Reached skill level 10 in Long Blades
    54 | D        | Reached skill level 10 in Maces & Flails
    54 | D        | Reached skill level 10 in Polearms
    54 | D        | Reached skill level 10 in Staves
    54 | D        | Reached skill level 10 in Shields
    55 | D        | Reached skill level 15 in Invocations
    55 | D        | Reached XP level 26. HP: 22/193 MP: 14/54
    56 | D        | Reached skill level 15 in Crossbows
    56 | D        | Reached skill level 15 in Hexes
    56 | D        | Reached skill level 15 in Summonings
    56 | D        | Reached skill level 15 in Necromancy
    56 | D        | Reached skill level 15 in Transmutations
    56 | D        | Reached skill level 15 in Fire Magic
    56 | D        | Reached skill level 15 in Ice Magic
    56 | D        | Reached skill level 15 in Air Magic
    56 | D        | Reached skill level 15 in Earth Magic
    56 | D        | Reached skill level 15 in Poison Magic
    57 | D        | Killed a large bag of meat
    57 | D        | Killed by an exploding large bag of meat... ignited by
                  | their inner flame

Illustrated notes

Levels and vault maps discovered:
D:        meatsprint

Skill      XL: |  1  2  3  4  5  6  7  8  9 10 11 12 13 14 15 16 17 18 19 20 21 22 23 24 25 26 |
---------------+-------------------------------------------------------------------------------+-----
Fighting       | 11 12 13 17 19 22 24 27 | 27.0
Axes           | 9 11 12 15 17 20 22 26 27 | 27.0
Throwing       | 4 5 6 7 8 10 11 13 25 27 | 27.0
Armour         | 2 3 4 5 7 8 10 20 27 | 27.0
Dodging        | 12 13 14 18 20 23 25 27 | 27.0
Spellcasting   | 12 13 15 18 20 22 25 27 | 27.0
Translocations | 18 21 23 27 | 27.0
Stealth        | 5 22 27 | 27.0
Short Blades   | 12 14 17 18 | 18.7
Long Blades    | 7 8 11 | 11.7
Maces & Flails | 8 9 11 12 | 12.6
Polearms       | 7 8 11 | 11.7
Staves         | 8 9 11 12 | 12.6
Slings         | 8 10 12 13 | 13.6
Bows           | 8 10 12 13 | 13.6
Crossbows      | 10 11 14 15 | 15.8
Shields        | 7 8 11 | 11.7
Unarmed Combat | 8 10 12 13 | 13.6
Conjurations   | 8 10 12 13 | 13.6
Hexes          | 9 11 14 15 | 15.0
Summonings     | 9 11 14 15 | 15.0
Necromancy     | 9 11 14 15 | 15.0
Transmutations | 9 11 14 15 | 15.0
Fire Magic     | 9 11 14 15 | 15.0
Ice Magic      | 9 11 14 15 | 15.0
Air Magic      | 9 11 14 15 | 15.0
Earth Magic    | 9 11 14 15 | 15.0
Poison Magic   | 9 11 14 15 | 15.0
Invocations    | 10 12 15 16 | 16.1
Evocations     | 11 13 16 17 | 17.4

Action                   |  1- 3 |  4- 6 |  7- 9 | 10-12 | 13-15 | 16-18 | 19-21 | 22-24 | 25-27 || total
-------------------------+-------+-------+-------+-------+-------+-------+-------+-------+-------++-------
Melee: Broad axe         |     1 |       |       |     1 |     2 |     5 |     2 |     8 |     4 ||    23
  Use: Scroll            |       |       |       |       |       |       |       |     1 |     1 ||     2
Dodge: Dodged            |       |       |       |       |     1 |       |     1 |       |     1 ||     3

Table legend: (Time is in decaauts)
 A = Elapsed time spent in this place.
 B = Non-inter-level travel time spent in this place.
 C = Inter-level travel time spent in this place.
 D = Time resting spent in this place.
 E = Time spent auto-exploring this place.
 F = Levels seen in this place.
 G = Mean time per level.
                   A        B        C        D        E       F      G
               +--------+--------+--------+--------+--------+-----+--------+
         Total |     51 |     51 |      0 |      0 |      0 |   1 |   51.0 |
       Dungeon |     51 |     51 |      0 |      0 |      0 |   1 |   51.0 |
               +--------+--------+--------+--------+--------+-----+--------+

Top non-repeatable levels by time:
       D: 51 daAuts
